 Dungeon Crawl Stone Soup version 0.24.0-123-gd5b16e6ec5 (webtiles) character file.

Game seed: 9109213240648617971, levelgen mode: deterministic

147 AuftragZ the Cutter (level 5, -15/42 HPs)
             Began as a Draconian Skald on Feb 5, 2020.
             Demolished by an ogre
             ... wielding a +0 giant club
              (18 damage)
             ... on level 4 of the Dungeon on Feb 11, 2020.
             The game lasted 00:11:50 (4257 turns).

AuftragZ the Cutter (Draconian Skald)               Turns: 4257, Time: 00:11:51

Health: -15/42     AC:  8    Str: 13 (15) XL:     5   Next: 7%
Magic:  6/8        EV: 13    Int: 12 (15) God:
Gold:   109        SH:  0    Dex:  9 (10) Spells: 3/8 levels left

rFire    x . .     SeeInvis .   a - +0 short sword
rCold    + . .     Gourm    .   (no shield)
rNeg     + . .     Faith    .   (armour unavailable)
rPois    .         Spirit   .   (helmet restricted)
rElec    .         Reflect  .   (no cloak)
rCorr    .         Harm     .   g - +1 pair of gloves
MR       .....                  h - +0 pair of boots
Stlth    +.........             (no amulet)
HPRegen  0.14/turn              b - ring of ice
MPRegen  0.11/turn              l - ring of positive energy

@: no status effects
A: unfitting armour, antennae 1, beak, blurry vision 1, clever 1, cold-blooded,
AC +5
a: no special abilities


You were on level 4 of the Dungeon.
You were hungry.

You visited 1 branch of the dungeon, and saw 4 of its levels.

You collected 109 gold pieces.

Inventory:

Hand Weapons
 a - a +0 short sword (weapon)
Missiles
 d - 19 poisoned darts (quivered)
Armour
 g - a +1 pair of gloves (worn)
 h - a +0 pair of boots (worn)
Jewellery
 b - a ring of ice (left hand)
 l - a ring of positive energy (right hand)
Scrolls
 e - a scroll of blinking
Potions
 f - 2 potions of curing
 k - a potion of brilliance
Comestibles
 c - 4 rations


   Skills:
 + Level 2.5 Fighting
 + Level 3.5 Short Blades
 + Level 3.3 Dodging
 + Level 0.7 Stealth
 + Level 2.3 Spellcasting
 + Level 3.1 Charms


You had 3 spell levels left.
You knew the following spells:

 Your Spells              Type           Power        Failure   Level  Hunger
a - Infusion              Chrm           #...         8%          1    ##.....
b - Song of Slaying       Chrm           #.......     11%         2    ###....
c - Shroud of Golubria    Chrm/Tloc      #.....       22%         2    ###....

Your spell library contained the following spells:

 Spells                   Type           Power        Failure   Level  Hunger
 Magic Dart               Conj           #...         26%         1    ##.....
 Blink                    Tloc           N/A          36%         2    ###....
 Call Imp                 Summ           #.......     38%         2    ###....
 Slow                     Hex            #.......     38%         2    ###....
 Regeneration             Chrm/Necr      #.........   38%         3    ####...
 Spectral Weapon          Hex/Chrm       #.......     38%         3    ####...
 Conjure Flame            Conj/Fire      #.......     63%         3    ####...
 Mephitic Cloud           Conj/Pois/Air  #.......     63%         3    ####...


Dungeon Overview and Level Annotations

Branches:
Dungeon (4/15)
 Temple: D:4-7

Altars:
Gozag
Hepliaklqana
Qazlal
Ru
Sif Muna
Uskayaw


Innate Abilities, Weirdness & Mutations

Your plain brown scales are hard. (AC +5)
You cannot fit into any form of body armour.
You are cold-blooded and may be slowed by cold attacks.
You have a pair of small antennae on your head.
You have a beak for a mouth.
Scrolls take you a little longer to read.
Your mind is acute. (Int +2)


Message History

Casting: Shroud of Golubria (safe; 22% risk of failure)
Confirm with . or Enter, or press ? or * to list all spells.
Space distorts slightly along a thin shroud covering your body.
You hit the ogre.
The ogre is lightly wounded.
The ogre hits you with a +0 giant club!!
Your shroud falls apart!
You hit the ogre.
Your tail-slap misses the ogre.
The ogre is moderately wounded.
The ogre hits you with a +0 giant club!
You barely miss the ogre. You peck the ogre.
The ogre is heavily wounded.
You hit the ogre.
The ogre is heavily wounded.
The ogre hits you with a +0 giant club!
* * * LOW HITPOINT WARNING * * *
You hit the ogre. You peck the ogre.
The ogre is almost dead.
The ogre hits you with a +0 giant club!!
You die...

####### #.....#
#.....# ###### #.....#
#....# #.....#
#....##### #
#...O.####........###
##...@..........#..##.
#.......#####......#..
#........# #.#<......
#..#....## ##.##..##..
#.#....$. #........#.#
# ###.....
#.#.#.#.†#.. ......
#.#......#.. ##.......
###.##...[ #... .# #.
####.


You could see an ogre.

Vanquished Creatures
  5 adders
  4 worms
  4 leopard geckos
  4 orcs (D:3)
  4 bats
  7 giant cockroaches
  8 hobgoblins
  5 jackals
  A quokka (D:2)
  2 ball pythons
  8 frilled lizards
  9 goblins
  A jackal skeleton (D:4)
  5 kobolds
  14 rats
81 creatures vanquished.

Vanquished Creatures (others)
  An orc (D:2)
1 creature vanquished.

Grand Total: 82 creatures vanquished

Notes
Turn   | Place    | Note
-------+----------+-------------------------------------------
     0 | D:1      | AuftragZ the Draconian Skald began the quest for the Orb.
     0 | D:1      | Reached XP level 1. HP: 17/17 MP: 3/3
   596 | D:1      | Reached XP level 2. HP: 25/25 MP: 5/5
   603 | D:1      | Learned a level 2 spell: Song of Slaying
   606 | D:1      | Learned a level 2 spell: Shroud of Golubria
  1526 | D:2      | Reached XP level 3. HP: 20/30 MP: 3/6
  2275 | D:2      | Gained mutation: Scrolls take you a little longer to read.
                  | [potion of mutation]
  2275 | D:2      | Gained mutation: You have a pair of small antennae on your
                  | head. [potion of mutation]
  2275 | D:2      | Gained mutation: You have a beak for a mouth. [potion of
                  | mutation]
  2275 | D:2      | Gained mutation: Your mind is acute. (Int +2) [potion of
                  | mutation]
  2286 | D:2      | Found a hide-covered altar of Uskayaw.
  2401 | D:2      | Reached XP level 4. HP: 37/37 MP: 7/7
  2566 | D:2      | Found a shimmering blue altar of Sif Muna.
  3024 | D:3      | Found a hazy altar of Hepliaklqana.
  3051 | D:3      | Found a sacrificial altar of Ru.
  3575 | D:3      | Found an opulent altar of Gozag.
  3957 | D:4      | Found a stormy altar of Qazlal.
  3960 | D:4      | Reached XP level 5. HP: 42/42 MP: 8/8
  4248 | D:4      | Noticed an ogre
  4257 | D:4      | Demolished by an ogre

Levels and vault maps discovered:
D:1:      dpeg_arrival_leaves_temple_mockup, layout_basic
D:2:      wad_pebble_path, layout_basic, eat_drink_and_be_merry_uskayaw,
          marbit_many_paths, minmay_tripent
D:3:      layout_basic, nicolae_overflow_crystal_walls, lemuel_doored_altar,
          roderic_roman_lattice, kennysheep_another_room, lemuel_altar_in_water
D:4:      layout_basic, overflow_temple_1_default, first_ration

Skill      XL: |  1  2  3  4 |
---------------+-------------+-----
Charms         | 3 |  3.1
Short Blades   | 3 |  3.5
Dodging        | 3 |  3.3
Fighting       | |  2.5
Stealth        | |  0.7
Spellcasting   | |  2.3

Action                   |  1- 3 |  4- 6 || total
-------------------------+-------+-------++-------
Melee: Short sword       |   188 |   115 ||   303
       Tailslap          |    13 |    11 ||    24
       Peck              |       |    12 ||    12
 Cast: Shroud of Golubri |     3 |     5 ||     8
       Song of Slaying   |     1 |     2 ||     3
  Use: Potion            |     6 |     3 ||     9
       Scroll            |     8 |     3 ||    11
 Stab: Sleeping          |     1 |     1 ||     2
  Eat: Chunk             |     5 |     6 ||    11
Armor: Skin              |    80 |    54 ||   134
Dodge: Dodged            |   140 |   103 ||   243
